 Dungeon Crawl Stone Soup version 0.25-a0-670-g50981ef59b (webtiles) character file.

Game seed: 15118801368388553543, levelgen mode: deterministic

631 Majang the Insei (level 7, -9/46 HPs)
             Began as an Octopode Transmuter on Mar 29, 2020.
             Was an Initiate of Cheibriados.
             Mangled by Duvessa
             ... wielding a +0 rapier
              (16 damage)
             ... on level 5 of the Dungeon.
             The game lasted 00:25:00 (4912 turns).

Majang the Insei (Octopode Transmuter)              Turns: 4912, Time: 00:25:01

Health: -9/46      AC:  1    Str: 11    XL:     7   Next: 48%
Magic:  11/11      EV: 14    Int: 17    God:    Cheibriados [......]
Gold:   174        SH:  0    Dex: 14    Spells: 2/12 levels left

rFire    . . .     SeeInvis .     - Unarmed
rCold    . . .     Gourm    .   (no shield)
rNeg     . . .     Faith    .   (helmet restricted)
rPois    .         Spirit   .   (no amulet)
rElec    .         Reflect  .   f - ring of wizardry
rCorr    .         Harm     .   (no ring)
MR       .....                  (no ring)
Stlth    ++........             (no ring)
HPRegen  0.15/turn              (no ring)
MPRegen  0.12/turn              (no ring)
                                (no ring)
                                (no ring)

@: mighty, appendage, very slow
A: almost no armour, stealthy swim, amphibious, 8 rings, constrict 8, tentacle
spike 3, camouflage 1, gelatinous body 1
a: End Transformation, Bend Time, Renounce Religion


You were on level 5 of the Dungeon.
You worshipped Cheibriados.
Cheibriados was noncommittal.
You were hungry.
One of your tentacles had a temporary spike.
You visited 2 branches of the dungeon, and saw 6 of its levels.

You collected 174 gold pieces.

Inventory:

Missiles
 a - 53 arrows
Jewellery
 f - a ring of wizardry (left tentacle)
Wands
 i - a wand of random effects (15)
 o - a wand of iceblast (9)
Scrolls
 b - 4 scrolls of identify {unknown}
 e - a scroll of amnesia {unknown}
 p - a scroll of remove curse {unknown}
 q - a scroll of fear {unknown}
Potions
 g - a potion of berserk rage {unknown}
 h - a potion of brilliance {unknown}
 j - 3 potions of haste {unknown}
 k - 2 potions of might
 l - a potion of lignification {unknown}
 m - a potion of flight {unknown}
 n - a potion of degeneration {unknown}
Comestibles
 c - 2 rations


   Skills:
 + Level 3.0 Fighting
 + Level 2.5 Dodging
 * Level 5.1 Unarmed Combat
 + Level 3.2 Spellcasting
 * Level 4.6 Transmutations
 + Level 1.2 Ice Magic
 + Level 1.4 Invocations


You had 2 spell levels left.
You knew the following spells:

 Your Spells              Type           Power        Failure   Level  Hunger
a - Beastly Appendage     Tmut           ###...       1%          1    None
b - Ice Form              Ice/Tmut       ##......     21%         4    ####...
n - Sticks to Snakes      Tmut           ###.....     1%          2    ##.....
s - Spider Form           Tmut/Pois      ##........   9%          3    ###....

Your spell library contained the following spells:

 Spells                   Type           Power        Failure   Level  Hunger
 Animate Skeleton         Necr           N/A          7%          1    None
 Apportation              Tloc           #.....       7%          1    None
 Corona                   Hex            #......      7%          1    None
 Summon Small Mammal      Summ           #...         7%          1    None
 Blade Hands              Tmut           ###.......   26%         5    ######.


Dungeon Overview and Level Annotations

Branches:
Dungeon (5/15)             Temple (1/1) D:5

Altars:
Ashenzari
Cheibriados
Dithmenos
Fedhas
Gozag
Hepliaklqana
Kikubaaqudgha
Nemelex Xobeh
Sif Muna
Trog
Vehumet
Wu Jian
Yredelemnul
The Shining One

Annotations:
D:5 Duvessa


Innate Abilities, Weirdness & Mutations

You cannot wear most types of armour.
You are very stealthy in the water. (Stealth+)
You are amphibious.
You can wear up to eight rings at the same time.
You can use your tentacles to constrict eight enemies at once.
Your skin changes colour to match your surroundings (Stealth+).
Your rubbery body absorbs attacks. (AC +1, EV +1)
One of your tentacles bears a large vicious spike.


Message History

Duvessa is moderately wounded.
You constrict Duvessa. You constrict Dowan. Dowan hits you but does no damage.
Duvessa hits you with a +0 rapier!
* * * LOW HITPOINT WARNING * * *
It was a potion of might.
You feel very mighty all of a sudden.
You constrict Duvessa. You constrict Dowan. Dowan hits you with a +0 dagger.
* * * LOW HITPOINT WARNING * * *
Duvessa completely misses you.
You bludgeon Dowan!
You kill Dowan!
Cheibriados appreciates the change of pace.
Duvessa weeps, then rights herself and shakes her weapon.
Duvessa goes berserk!
Your Fighting skill increases to level 3!
You constrict Duvessa. Duvessa closely misses you.
You tentacle-slap Duvessa.
Duvessa is heavily wounded.
You constrict Duvessa. Duvessa hits you with a +0 rapier!
You die...

*,,,,,,,,,,*,,,<,,,****,
#.....,,,..#,,,,,,,,,,,,
#.....*+*..#***,*,*****,
#.....+_+..# *,*,* **,,
#.....#+#..* *,*,* *,,*
**........####*,*,***,,,
**,.........##,*,,,,,**
***#.e)......,,,*,,**
#.@#**#.#**.#..** #..##
#.###.#.#* #...#
#>##....# #.#.#
#.##...#* #.#.#
#.##...#*####
#.#.###......##....
#..................
#...........#<.....
#...........#......


You could see Duvessa (berserk).

Vanquished Creatures
  A centaur zombie (D:5)
  Dowan (D:5)
  3 orc wizards (D:4)
  A hound skeleton (D:4)
  A worker ant zombie (D:5)
  9 adders
  An ooze (D:1)
  2 worms
  2 dart slugs
  7 orcs
  4 giant cockroaches
  10 goblins
  8 hobgoblins
  7 jackals (D:1)
  2 quokkas
  6 bats
  6 frilled lizards
  8 kobolds
  A leopard gecko skeleton (D:5)
  A leopard gecko zombie (D:3)
  A quokka skeleton (D:4)
  7 rats
89 creatures vanquished.

Vanquished Creatures (collateral kills)
  A worm (D:2)
1 creature vanquished.

Grand Total: 90 creatures vanquished

Notes
Turn   | Place    | Note
-------+----------+-------------------------------------------
     0 | D:1      | Majang the Octopode Transmuter began the quest for the Orb.
     0 | D:1      | Reached XP level 1. HP: 13/13 MP: 3/3
   205 | D:1      | Reached XP level 2. HP: 15/18 MP: 3/5
   354 | D:1      | Learned a level 2 spell: Sticks to Snakes
   692 | D:1      | Reached XP level 3. HP: 23/23 MP: 2/6
   817 | D:1      | Learned a level 3 spell: Spider Form
  1483 | D:2      | Reached XP level 4. HP: 25/29 MP: 5/7
  1566 | D:2      | Found a sparkling altar of Nemelex Xobeh.
  2510 | D:3      | Reached skill level 4 in Unarmed Combat
  2510 | D:3      | Reached XP level 5. HP: 27/34 MP: 6/8
  2776 | D:3      | Found a shimmering blue altar of Sif Muna.
  2782 | D:3      | Found a radiant altar of Vehumet.
  3892 | D:4      | Reached XP level 6. HP: 41/41 MP: 8/10
  4119 | D:4      | Learned a level 4 spell: Ice Form
  4540 | D:5      | Entered Level 5 of the Dungeon
  4559 | D:5      | Found a staircase to the Ecumenical Temple.
  4567 | Temple   | Entered the Ecumenical Temple
  4638 | Temple   | Became a worshipper of Cheibriados the Contemplative
  4754 | D:5      | Reached skill level 5 in Unarmed Combat
  4754 | D:5      | Reached skill level 1 in Ice Magic
  4754 | D:5      | Reached skill level 1 in Invocations
  4754 | D:5      | Reached XP level 7. HP: 34/45 MP: 11/11
  4895 | D:5      | Noticed Dowan
  4899 | D:5      | Noticed Duvessa
  4911 | D:5      | Killed Dowan
  4912 | D:5      | Mangled by Duvessa

Levels and vault maps discovered:
D:1:      ncdulo_wetmaze, layout_rooms, corexii_corridor_pit
D:2:      layout_rooms, nemelex_xobeh_ov_fountains_minmay
D:3:      layout_basic, grunt_temple_overflow_open, small_statue_alley_b
D:4:      layout_rooms, first_ration
D:5:      layout_rooms, nicolae_overflow_hidden_temple, kennysheep_mini,
          lemuel_doored_altar, minmay_temple_entry_junction, uniq_duvessa
Temple:   minmay_temple_curvy_loop

Skill      XL: |  1  2  3  4  5  6  7 |
---------------+----------------------+-----
Transmutations | 3 4 |  4.6
Fighting       | 2 3 |  3.0
Unarmed Combat | 4 5 |  5.1
Spellcasting   | 3 |  3.2
Ice Magic      | 1 |  1.2
Invocations    | 1 |  1.4
Dodging        | |  2.5

Action                   |  1- 3 |  4- 6 |  7- 9 || total
-------------------------+-------+-------+-------++-------
Melee: Unarmed           |    78 |   138 |    17 ||   233
       Constrict         |    23 |    31 |     3 ||    57
       Tentacles         |    14 |    17 |     1 ||    32
       Kick              |    16 |    35 |     8 ||    59
       Punch             |       |     3 |     1 ||     4
 Cast: Beastly Appendage |    22 |    30 |     3 ||    55
       Sticks to Snakes  |     2 |     6 |       ||     8
Evoke: Wand              |       |     2 |       ||     2
  Use: Scroll            |       |     1 |       ||     1
       Potion            |       |       |     1 ||     1
 Stab: Sleeping          |       |     1 |       ||     1
  Eat: Chunk             |     2 |    11 |       ||    13
Armor: Skin              |     5 |     7 |     3 ||    15
Dodge: Dodged            |    42 |    67 |    10 ||   119

Table legend:
 A = Non-vault XP
 B = Vault XP
 C = Vault XP percentage of total XP
 D = Non-vault monster count
 E = Vault monster count
 F = Vault count percentage of total count
                 A         B        C        D         E       F
            +---------+---------+-------+---------+---------+-------
      Total |     833 |      69 |   7.6 |      89 |       1 |   1.1
            +---------+---------+-------+---------+---------+-------
        D:1 |      49 |       0 |   0.0 |      26 |       0 |   0.0
        D:2 |      85 |       0 |   0.0 |      26 |       0 |   0.0
        D:3 |      76 |       0 |   0.0 |      22 |       0 |   0.0
        D:4 |     188 |       0 |   0.0 |      12 |       0 |   0.0
        D:5 |     435 |      69 |  13.7 |       3 |       1 |  25.0
            +---------+---------+-------+---------+---------+-------
